 Dungeon Crawl Stone Soup version 0.19.1 (webtiles) character file.

7943 kae the Martial Artist (level 11, -5/77 HPs)
             Began as a Purple Draconian Transmuter on Dec 10, 2016.
             Was a Priest of Makhleb.
             Slain by a vampire (10 damage)
             ... on level 11 of the Dungeon.
             The game lasted 00:18:02 (12431 turns).

kae the Martial Artist (DrTm)                      Turns: 12431, Time: 00:18:03

Health: -5/77      AC:  2    Str: 12    XL:     11   Next: 3%
Magic:  22/23      EV: 19    Int: 15    God:    Makhleb [***...]
Gold:   450        SH:  0    Dex: 19    Spells: 4 memorised, 15 levels left

rFire  + . .     SeeInvis .       - Unarmed
rCold  . . .     Gourm    .     (armour unavailable)
rNeg   . . .     Faith    .     (shield currently unavailable)
rPois  x         Spirit   .     (helmet currently unavailable)
rElec  .         Reflect  .     (cloak currently unavailable)
rCorr  .         Harm     .     (gloves currently unavailable)
MR     ++...                    (boots currently unavailable)
Stlth  ++........               E - amulet of regeneration
                                Q - ring of protection from fire
                                F - ring of protection from magic

@: spider-form
A: (breathe power), unfitting armour, (cold-blooded), AC +7
a: End Transformation, Minor Destruction, Lesser Servant of Makhleb, Renounce
Religion


You were on level 11 of the Dungeon.
You worshipped Makhleb.
Makhleb was most pleased with you.
You were not hungry.
You were a venomous arachnid creature.
You visited 2 branches of the dungeon, and saw 12 of its levels.

You collected 450 gold pieces.

Inventory:

Missiles
 a - 182 arrows
Armour
 k - a +2 pair of gloves (melded)
 l - a +1 pair of boots (melded)
 L - a cursed +0 cloak (melded)
Jewellery
 m - an uncursed amulet of magic regeneration
 o - an uncursed amulet of faith
 x - a +2 amulet of reflection
 E - an amulet of regeneration (around neck)
 F - a ring of protection from magic (left front leg)
 Q - a ring of protection from fire (right front leg)
Wands
 n - a wand of paralysis (13/24)
 w - a wand of polymorph (9/24)
 y - a wand of lightning (8/15)
 D - a wand of lightning (11/15)
 J - a wand of enslavement (13/24)
 M - a wand of digging (8/24)
 N - a wand of teleportation (4/9)
 P - a wand of iceblast (6/15)
 R - a wand of paralysis (8/24)
Scrolls
 e - 3 scrolls of enchant weapon
 f - 9 scrolls of remove curse
 h - 4 scrolls of teleportation
 i - a scroll of fear
 j - 4 scrolls of random uselessness
 p - a scroll of torment {unknown}
 s - a scroll of recharging
 C - 3 scrolls of fog
 S - a scroll of identify
Potions
 q - 3 potions of brilliance
 t - a potion of curing
 u - a potion of invisibility
 v - a potion of berserk rage
 z - 2 potions of degeneration
 A - a potion of flight
 B - a potion of cure mutation
 H - a potion of agility
 I - a potion of lignification {unknown}
 T - 2 potions of haste
Books
 b - a book of Changes

   Spells                             Type                      Level
   a - Beastly Appendage              Transmutation                1
   b - Sticks to Snakes               Transmutation                2
   c - Spider Form                    Transmutation/Poison         3
   d - Ice Form                       Ice/Transmutation            4
   e - Blade Hands                    Transmutation                5
 G - a book of Cantrips

   Spells                             Type                      Level
   a - Confusing Touch                Hexes                        1
   b - Animate Skeleton               Necromancy                   1
   c - Summon Small Mammal            Summoning                    1
   d - Apportation                    Translocation                1
 O - a book of Flames

   Spells                             Type                      Level
   a - Flame Tongue                   Conjuration/Fire             1
   b - Throw Flame                    Conjuration/Fire             2
   c - Conjure Flame                  Conjuration/Fire             3
   d - Inner Flame                    Hexes/Fire                   3
   e - Sticky Flame                   Conjuration/Fire             4
   f - Fireball                       Conjuration/Fire             5
Comestibles
 c - 7 bread rations
 d - 3 beef jerkies
 g - 5 meat rations
 r - 4 royal jellies
 K - 4 chunks of flesh


   Skills:
 - Level 1.1 Fighting
 - Level 1.7 Dodging
 * Level 11.6 Unarmed Combat
 + Level 8.1 Spellcasting
 * Level 10.8 Transmutations


You had 15 spell levels left.
You knew the following spells:

 Your Spells              Type           Power        Failure   Level  Hunger
a - Beastly Appendage     Tmut           #####.       2%          1    None
b - Sticks to Snakes      Tmut           #####...     2%          2    None
c - Spider Form           Tmut/Pois      ###.......   14%         3    ##.....
d - Blade Hands           Tmut           #####.....   14%         5    #####..


Dungeon Overview and Level Annotations

Branches:
Dungeon (11/15)            Temple (1/1) D:4            Lair (0/6) D:10
    Orc: D:9-12

Altars:
Ashenzari
Cheibriados
Dithmenos
Elyvilon
Fedhas
Gozag
Hepliaklqana
Kikubaaqudgha
Makhleb
Nemelex Xobeh
Okawaru
Qazlal
Ru
Sif Muna
Trog
Uskayaw
Vehumet
Xom
Yredelemnul
Zin
The Shining One

Shops:
D:8 :   D:10 =

Annotations:
D:9 exclusion: cyclops


Innate Abilities, Weirdness & Mutations

((You can breathe bolts of dispelling energy.))
((Your rich purple scales are hard. (AC +7)))
You cannot fit into any form of body armour.
((You are cold-blooded and may be slowed by cold attacks.))


Message History

You barely miss the vampire.
The vampire is almost destroyed.
The vampire gestures wildly while chanting.
The vampire flickers and vanishes!
Deactivating autopickup; reactivate with Ctrl-A.
Something barely misses you. Something bites you!
* * * LOW HITPOINT WARNING * * *
Something draws strength from your injuries!
Unknown command.
You feel better. Something closely misses you. Something barely misses you.
You hit something but do no damage. Something barely misses you.
Something bites you but does no damage.
You closely miss something. Something barely misses you. Something bites you!
* * * LOW HITPOINT WARNING * * *
Something draws strength from your injuries!
You hit something but do no damage.
You feel better. Something hits you!
* * * LOW HITPOINT WARNING * * *
Something bites you!
You die...

#.).....# ####.# ##.######
#.## #.## #..# ## #.[####
#######'## .# ##....#
#......).# .########<#####
#........# .##...........#
###........#
.##...........###.+D.......#
...............{s.#........#
..#...........#####........#
..#...........# #...<....#
.##...........# #........#
.##....>......# #........#
.##...........# #.....(..#
####.########## #.....†..#
#.# ###'###### #.### ###.#


There were no monsters in sight!

Vanquished Creatures
  A centaur skeleton (D:11)
  Grinder (D:6)
  A hippogriff (D:7)
  9 yaks
  A basilisk (D:11)
  Eustachio (D:5)
  Menkaure (D:5)
  An orc warrior (D:7)
  A water moccasin (D:10)
  2 phantoms (D:11)
  4 ice beasts
  2 black bears
  3 sky beasts
  7 ogres
  4 centaurs
  A crocodile (D:10)
  A wyvern zombie (D:9)
  9 bullfrogs
  Blork the orc (D:6)
  A gnoll sergeant (D:8)
  A wyvern skeleton (D:10)
  5 scorpions
  9 killer bees
  3 wights (D:6)
  5 howler monkeys
  3 crimson imps
  A centaur zombie (D:10)
  A bullfrog zombie (D:11)
  2 jellies (D:9)
  3 hounds
  A quasit (D:6)
  6 orc priests
  10 orc wizards
  2 bullfrog skeletons
  9 worker ants
  4 iguanas
  A hound zombie (D:7)
  A hound skeleton (D:5)
  3 worker ant zombies
  A howler monkey skeleton (D:6)
  14 gnolls
  5 adders
  2 river rats
  2 shadow imps
  An ooze (D:3)
  An adder zombie (D:7)
  An adder skeleton (D:9)
  2 worms
  6 leopard geckos
  28 orcs
  3 ball pythons
  A giant cockroach (D:2)
  8 goblins
  7 hobgoblins
  3 jackals (D:8)
  7 kobolds
  4 quokkas
  17 bats
  5 frilled lizards
  A quokka skeleton (D:5)
  22 rats
  2 fungi (D:10)
  A plant (D:10)
266 creatures vanquished.

Vanquished Creatures (collateral kills)
  A mottled dragon (D:11)
  An orc warrior (D:10)
2 creatures vanquished.

Vanquished Creatures (others)
  An orc wizard (D:4)
1 creature vanquished.

Grand Total: 269 creatures vanquished

Notes
Turn   | Place    | Note
-------+----------+-------------------------------------------
     0 | D:1      | kae the Draconian Transmuter began the quest for the Orb.
     0 | D:1      | Reached XP level 1. HP: 16/16 MP: 3/3
   464 | D:1      | Reached XP level 2. HP: 20/23 MP: 5/5
  1081 | D:2      | Reached skill level 4 in Unarmed Combat
  1086 | D:2      | Reached XP level 3. HP: 28/28 MP: 4/6
  1090 | D:2      | Learned a level 2 spell: Sticks to Snakes
  1906 | D:2      | Reached XP level 4. HP: 35/35 MP: 7/7
  1925 | D:2      | Found a faded altar of an unknown god.
  2741 | D:3      | Reached skill level 5 in Unarmed Combat
  2741 | D:3      | Reached XP level 5. HP: 35/40 MP: 8/8
  3298 | D:3      | Found a sacrificial altar of Ru.
  3464 | D:4      | Learned a level 3 spell: Spider Form
  3520 | D:4      | HP: 2/40 [worker ant (3)]
  3867 | D:4      | Found a staircase to the Ecumenical Temple.
  3922 | Temple   | Entered the Ecumenical Temple
  3974 | Temple   | Became a worshipper of Makhleb the Destroyer
  4035 | D:4      | Reached XP level 6. HP: 24/47 MP: 9/9
  4329 | D:4      | Found a blossoming altar of Fedhas.
  4377 | D:4      | Reached skill level 6 in Unarmed Combat
  5204 | D:5      | Entered Level 5 of the Dungeon
  5301 | D:5      | Your scales start taking on a rich purple colour.
  5301 | D:5      | Reached XP level 7. HP: 47/52 MP: 8/10
  5386 | D:5      | Noticed Eustachio
  5524 | D:5      | Killed Eustachio
  5524 | D:5      | Reached skill level 7 in Unarmed Combat
  5524 | D:5      | Reached skill level 5 in Transmutations
  5782 | D:5      | Noticed Menkaure
  5793 | D:5      | Killed Menkaure
  5956 | D:5      | Reached * piety under Makhleb
  6085 | D:5      | Found an opulent altar of Gozag.
  6157 | D:5      | Reached XP level 8. HP: 59/59 MP: 13/13
  6551 | D:6      | Noticed Grinder
  6613 | D:6      | Killed Grinder
  6613 | D:6      | Reached skill level 8 in Unarmed Combat
  7400 | D:6      | Noticed Blork the orc
  7407 | D:6      | Killed Blork the orc
  7419 | D:6      | Reached skill level 5 in Spellcasting
  7419 | D:6      | Reached XP level 9. HP: 59/64 MP: 11/16
  7580 | D:7      | Reached ** piety under Makhleb
  8120 | D:7      | Reached skill level 9 in Unarmed Combat
  8456 | D:7      | Found a stormy altar of Qazlal.
  8456 | D:7      | Found a sparkling altar of Nemelex Xobeh.
  8495 | D:7      | Found a shattered altar of Ashenzari.
  9357 | D:8      | Found Kauble's Book Shop.
  9403 | D:8      | Reached skill level 10 in Unarmed Combat
  9582 | D:8      | Found a glowing golden altar of the Shining One.
  9592 | D:8      | Found a bloodstained altar of Trog.
  9893 | D:8      | Reached XP level 10. HP: 35/71 MP: 19/19
 10260 | D:9      | Found a snail-covered altar of Cheibriados.
 10321 | D:9      | Found an iron altar of Okawaru.
 10401 | D:9      | Noticed a cyclops
 10673 | D:9      | Noticed an angel
 10674 | D:9      | Found a glowing silver altar of Zin.
 10869 | D:10     | Entered Level 10 of the Dungeon
 10869 | D:10     | Found Heuv Wuy's Jewellery Shoppe.
 11309 | D:10     | Reached *** piety under Makhleb
 11309 | D:10     | Reached skill level 10 in Transmutations
 11631 | D:10     | Found a staircase to the Lair.
 11919 | D:11     | Reached skill level 11 in Unarmed Combat
 12092 | D:11     | Learned a level 5 spell: Blade Hands
 12128 | D:11     | Reached **** piety under Makhleb
 12232 | D:11     | Reached XP level 11. HP: 49/77 MP: 23/23
 12367 | D:11     | Noticed a five-headed hydra
 12431 | D:11     | Slain by a vampire

Skill      XL: |  1  2  3  4  5  6  7  8  9 10 |
---------------+-------------------------------+-----
Unarmed Combat | 4 5 6 7 8 10 11 | 11.6
Transmutations | 3 4 5 7 9 10 | 10.8
Spellcasting   | 3 5 6 8 |  8.1
Fighting       | |  1.1
Dodging        | |  1.7

Action                   |  1- 3 |  4- 6 |  7- 9 | 10-12 || total
-------------------------+-------+-------+-------+-------++-------
Melee: Unarmed           |   168 |   240 |   477 |   432 ||  1317
       Tailslap          |    17 |    33 |    55 |    46 ||   151
       Kick              |     2 |       |       |       ||     2
       Punch             |       |     7 |     9 |    19 ||    35
       Headbutt          |       |    13 |    12 |     2 ||    27
 Cast: Beastly Appendage |     5 |    11 |     8 |     1 ||    25
       Sticks to Snakes  |     1 |       |       |    14 ||    15
       Spider Form       |       |     2 |    12 |     6 ||    20
       Blade Hands       |       |       |       |     1 ||     1
 Abil: Breathe Dispellin |       |       |     7 |       ||     7
  Use: Scroll            |     3 |     5 |     8 |     6 ||    22
       Potion            |     1 |     3 |     1 |     2 ||     7
 Stab: Sleeping          |     4 |     1 |     1 |     1 ||     7
       Distracted        |       |       |     1 |       ||     1
  Eat: Chunk             |     3 |    11 |    19 |     9 ||    42
Armor: Skin              |    71 |    59 |   166 |   127 ||   423
Dodge: Dodged            |   100 |   138 |   299 |   195 ||   732
